 Dungeon Crawl Stone Soup version 0.30.0-29-ga12c61a403 (webtiles) character file.

Game seed: 2532458900523553802

1407 MacCMillion the Nimble (level 8, -7/49 HPs)
             Began as a Tengu Summoner on June 14, 2023.
             Was an Initiate of Gozag.
             Killed from afar by an electric eel (10 damage)
             ... with a bolt of electricity
             ... on level 6 of the Dungeon.
             The game lasted 00:23:38 (7903 turns).

MacCMillion the Nimble (Tengu Summoner)             Turns: 7903, Time: 00:23:40

Health: -7/49      AC:  3    Str:  9    XL:     8   Next: 70%
Magic:  13/13      EV: 18    Int: 18    God:    Gozag
Gold:   179        SH:  0    Dex: 14    Spells: 3/13 levels left

rFire   + . .        k - +0 spear
rCold   + . .        (no shield)
rNeg    . . .        a - +1 robe
rPois   .            (helmet restricted)
rElec   .            E - scarf {rC+ rF+}
rCorr   .            (no gloves)
SInv    .            (boots unavailable)
Will    .....        (no amulet)
Stlth   ++           (no ring)
HPRegen 0.28/turn    (no ring)
MPRegen 0.13/turn

%: no passive effects
@: flying quickly and evasively, quick
A: beak, talons 3, nimble flight
a: Renounce Religion, Potion Petition, Call Merchant, Bribe Branch


You were on level 6 of the Dungeon.
You worshipped Gozag.
Gozag was aware of your devotion.
You visited 2 branches of the dungeon, and saw 7 of its levels.

You collected 268 gold pieces.
You paid 89 gold pieces to Gozag.

Inventory:

Hand Weapons
 d - a +0 dagger
 k - a +0 spear (weapon)
 A - a +3 dagger
Missiles
 w - a throwing net
Armour
 a - a +1 robe (worn)
 E - a scarf of resistance (worn)
Jewellery
 m - a ring of flight
 D - an amulet of guardian spirit
Wands
 l - a wand of roots (12)
 q - a wand of flame (11)
 I - a wand of acid (9)
Scrolls
 c - 2 scrolls of noise
 e - 2 scrolls of poison
 j - a scroll of vulnerability
 p - a scroll of amnesia {unknown}
 s - a scroll of torment {unknown}
 u - a scroll of enchant armour
 v - a scroll of blinking
 x - a scroll of brand weapon {unknown}
 y - 3 scrolls of identify {unknown}
 z - a scroll of butterflies {unknown}
 C - a scroll of fog {unknown}
 F - 2 scrolls of teleportation {unknown}
 H - a scroll of immolation {unknown}
Potions
 b - a potion of magic
 f - 2 potions of degeneration {unknown}
 g - 2 potions of cancellation {unknown}
 h - a potion of lignification {unknown}
 i - 3 potions of haste
 n - a potion of berserk rage {unknown}
 o - 8 potions of curing {unknown}
 r - 3 potions of resistance {unknown}
 t - a potion of brilliance {unknown}
 B - a potion of heal wounds {unknown}
 G - a potion of flight {unknown}


   Skills:
 - Level 5.0 Fighting
 - Level 8.0 Dodging
 - Level 2.0 Stealth
 - Level 3.0 Spellcasting
 - Level 7.0 Summonings
 + Level 3.5 Air Magic


You had 3 spell levels left.
You knew the following spells:

 Your Spells              Type           Power      Damage    Failure   Level
a - Summon Small Mammal   Summ           100%       N/A       1%          1
b - Call Imp              Summ           54%        N/A       1%          2
c - Call Canine Familiar  Summ           27%        N/A       2%          3
d - Summon Lightning Spi  Summ/Air       21%        N/A       19%         4

Your spell library contained the following spells:

 Spells                   Type           Power      Damage    Failure   Level
 Summon Guardian Golem    Hex/Summ       15%        N/A       12%         3
 Magic Dart               Conj           8%         1d3       16%         1
 Slow                     Hex            8%         N/A       16%         1
 Mephitic Cloud           Conj/Pois/Air  6%         N/A       30%         3
 Confusing Touch          Hex            2%         N/A       43%         3
 Portal Projectile        Hex/Tloc       4%         N/A       43%         3
 Vampiric Draining        Necr           2%         2d6       43%         3
 Leda's Liquefaction      Hex/Erth       1%         N/A       85%         4
 Malign Gateway           Summ/Tloc      7%         N/A       100%        7
 Summon Horrible Things   Summ           13%        N/A       100%        8


Dungeon Overview and Level Annotations

Branches:
Dungeon (6/15)             Temple (1/1) D:6

Altars:
Ashenzari
Cheibriados
Elyvilon
Fedhas
Gozag
Hepliaklqana
Kikubaaqudgha
Makhleb
Nemelex Xobeh
Okawaru
Qazlal
Ru
Trog
Vehumet
Xom
Yredelemnul
Zin
The Shining One

Annotations:
D:4 Pikel


Innate Abilities, Weirdness & Mutations

You have a beak for a mouth.
You have claws for feet.
Your magical nature lets you fly swiftly and evasively.


Message History

Found a leather armour.
You pick up a Grand Grimoire and begin reading...
You add the spells Malign Gateway and Summon Horrible Things to your library.
You start waiting.
Done waiting.
You swap places.
An electric eel comes into view.
An electric eel is nearby!
You swap places.
Unknown command.
Found an ancient bone altar of Kikubaaqudgha.
Found a glowing silver altar of Zin.
The electric eel shoots out a bolt of lightning at you!
The bolt of electricity hits you. The bolt of electricity misses you.
The bolt of electricity hits the electric eel.
The electric eel completely resists.
You closely miss the electric eel.
Your hound bites the electric eel.
The electric eel shoots out a bolt of lightning at you!
The bolt of electricity misses you. The bolt of electricity hits you!
The bolt of electricity hits the electric eel.
The electric eel completely resists.
Your hound completely misses the electric eel.
Your hound misses the electric eel. You barely miss the electric eel.
Your kick misses the electric eel.
The electric eel is moderately wounded.
Your hound bites the electric eel.
The electric eel shoots out a bolt of lightning at you!
The bolt of electricity hits you! x2
* * * LOW HITPOINT WARNING * * *
The bolt of electricity hits the electric eel.
The electric eel completely resists.
Your hound misses the electric eel. You closely miss the electric eel.
Your kick misses the electric eel.
The electric eel is severely wounded.
Your hound closely misses the electric eel.
The electric eel shoots out a bolt of lightning at you!
The bolt of electricity hits you.
* * * LOW HITPOINT WARNING * * *
The bolt of electricity hits you!
You die...
Your body crumbles into a pile of gold.

#..≈.#....### #..≈.#.≈≈≈...
#..≈.#.≈_.≈≈.# ≈.#
#..≈.#.≈...≈.# ≈.# #.≈.#.≈.#
.# ≈.# #.≈.#.≈.##._#[≈.#
###### #.≈.#h≈...###.≈.#
##...## ##.≈.#.S≈≈≈....≈.#
......####..≈.#.@...≈≈≈≈≈.#
.......##...≈.######......#
............≈.......#######.
...<........≈≈≈≈≈≈≈≈........
..........................##
##............#...#########
###..........######
###).........#
.............#


You could see an electric eel (ally target) and a friendly hound (summoned).

Vanquished Creatures
  An orc warrior (D:4)
  An ogre (D:6)
  2 hounds (D:5)
  A dart slug (D:1)
  2 orcs
  A bat (D:3)
  2 endoplasms
  A giant cockroach (D:1)
  A goblin (D:2)
  3 hobgoblins
  2 kobolds
  A ball python (D:1)
  2 rats
20 creatures vanquished.

Vanquished Creatures (collateral kills)
  Sigmund (D:3)
  2 ogres
  A lemure (D:4)
  2 phantoms
  3 scorpions
  A gnoll bouda (D:5)
  3 hounds
  An orc priest (D:4)
  A sleepcap (D:6)
  An iguana (D:5)
  Natasha (thrice) (D:2)
  2 orc wizards
  Terence (D:2)
  Robin (D:2)
  3 gnolls (D:5)
  6 adders
  5 orcs (D:4)
  7 ball pythons
  7 endoplasms
  2 giant cockroaches
  10 goblins
  9 hobgoblins
  2 jackals (D:1)
  2 kobolds (D:1)
  A quokka (D:5)
  4 bats
  5 frilled lizards
  3 rats
89 creatures vanquished.

Grand Total: 109 creatures vanquished

Notes
Turn   | Place    | Note
-------+----------+-------------------------------------------
     0 | D:1      | MacCMillion the Tengu Summoner began the quest for the Orb.
     0 | D:1      | Reached XP level 1. HP: 10/10 MP: 4/4
    31 | D:1      | Reached skill level 5 in Summonings
   133 | D:1      | Reached XP level 2. HP: 15/15 MP: 3/6
   536 | D:1      | Found a faded altar of an unknown god.
   836 | D:1      | Reached XP level 3. HP: 17/19 MP: 8/8
   839 | D:1      | Learned a level 2 spell: Call Imp
   843 | D:1      | Learned a level 3 spell: Call Canine Familiar
  1316 | D:2      | Noticed Terence
  1335 | D:2      | Killed Terence
  1336 | D:2      | Reached XP level 4. HP: 24/24 MP: 5/9
  1407 | D:2      | Noticed Natasha
  1433 | D:2      | Killed Natasha
  1523 | D:2      | Noticed Natasha
  1551 | D:2      | Killed Natasha
  1717 | D:2      | Gained mutation: Your magical nature lets you fly swiftly
                  | and evasively. [Tengu growth]
  1717 | D:2      | Reached XP level 5. HP: 28/28 MP: 6/10
  1722 | D:2      | Noticed Robin
  1729 | D:2      | Killed Robin
  1907 | D:2      | Reached skill level 1 in Fighting
  1969 | D:2      | Noticed Natasha
  1979 | D:2      | Killed Natasha
  1980 | D:2      | Reached skill level 3 in Dodging
  2262 | D:2      | Reached XP level 6. HP: 35/35 MP: 11/11
  2497 | D:3      | Noticed Sigmund
  2593 | D:3      | Killed Sigmund
  2594 | D:3      | Reached skill level 4 in Dodging
  3086 | D:3      | Reached XP level 7. HP: 33/41 MP: 8/12
  3610 | D:4      | Noticed Pikel
  3858 | D:4      | Reached skill level 5 in Dodging
  5336 | D:5      | Entered Level 5 of the Dungeon
  5557 | D:4      | Reached skill level 5 in Fighting
  5557 | D:4      | Reached skill level 6 in Dodging
  5557 | D:4      | Reached XP level 8. HP: 26/49 MP: 3/13
  6704 | D:5      | Reached skill level 7 in Dodging
  7389 | D:6      | Reached skill level 8 in Dodging
  7389 | D:6      | Reached skill level 1 in Air Magic
  7394 | D:6      | Learned a level 4 spell: Summon Lightning Spire
  7429 | D:6      | Found a staircase to the Ecumenical Temple.
  7434 | Temple   | Entered the Ecumenical Temple
  7590 | Temple   | Became a worshipper of Gozag Ym Sagoz the Greedy
  7896 | D:6      | Found an ancient bone altar of Kikubaaqudgha.
  7898 | D:6      | Found a glowing silver altar of Zin.
  7903 | D:6      | Killed from afar by an electric eel

Illustrated notes

Levels and vault maps discovered:
D:1:      lemuel_arrival_room, layout_loops_cross,
          chequers_ecumenical_altar_simple_redux, hex_large
D:2:      layout_loops_corners, uniq_terence, uniq_robin, uniq_natasha
D:3:      layout_loops_cross, uniq_sigmund
D:4:      layout_loops_ring, uniq_pikel
D:5:      layout_basic
D:6:      layout_rooms, lemuel_coloured_pillars_altar,
          mainiacjoe_overflow_paths, nicolae_overflow_squiral,
          minmay_temple_entry_statues_pillars, minmay_bent
Temple:   nicolae_temple_elliptical

Skill      XL: |  1  2  3  4  5  6  7  8 |
---------------+-------------------------+-----
Summonings     | 5 6 7 |  7.0
Spellcasting   | 3 |  3.0
Fighting       | 1 3 5 |  5.0
Dodging        | 3 4 6 8 |  8.0
Air Magic      | 3 |  3.5
Stealth        | |  2.0

Action                     |  1- 3 |  4- 6 |  7- 9 || total
---------------------------+-------+-------+-------++-------
  Melee: Dagger            |    15 |       |       ||    15
         Kick              |     4 |     3 |     8 ||    15
         Peck              |     2 |       |     7 ||     9
         Spear             |       |    32 |    96 ||   128
         Punch             |       |     1 |       ||     1
   Cast: Summon Small Mamm |    39 |    13 |     1 ||    53
         Call Imp          |     3 |    11 |    26 ||    40
         Call Canine Famil |       |    10 |    43 ||    53
    Use: Scroll            |       |       |     5 ||     5
   Stab: Sleeping          |       |     2 |     2 ||     4
         Distracted        |       |     1 |       ||     1
 Armour: Robe              |     8 |       |     4 ||    12
  Dodge: Dodged            |    10 |    16 |    34 ||    60
